 Dungeon Crawl Stone Soup version 0.28.0-56-g4927b6849a (webtiles) character file.

Game seed: 14395386016332263410

32 hikkokomori the Slasher (level 3, -1/27 (28) HPs)
             Began as a Demonspawn Gladiator on Feb 7, 2023.
             Slain by an orc
             ... wielding a +0 trident
              (5 damage)
             ... on level 2 of the Dungeon on Feb 9, 2023.
             The game lasted 00:01:14 (1256 turns).

hikkokomori the Slasher (Demonspawn Gladiator)      Turns: 1256, Time: 00:01:14

HP:   -1/27 (28)    AC:  4    Str: 14    XL:     3   Next: 10%
MP:   3/3           EV: 12    Int:  9    God:
Gold: 19            SH:  0    Dex: 16    Spells: 2/2 levels left

rFire   . . .      SeeInvis .   a - +0 long sword
rCold   . . .      Faith    .   (no shield)
rNeg    . . .      Spirit   .   b - +0 leather armour
rPois   .          Reflect  .   c - +0 helmet
rElec   .          Harm     .   (no cloak)
rCorr   .          Rampage  .   (no gloves)
Will    .....                   (no boots)
Stlth   ++........              (no amulet)
HPRegen 0.09/turn               (no ring)
MPRegen 0.08/turn               (no ring)

@: lightly drained
A: weakness stinger 1
a: no special abilities


You were on level 2 of the Dungeon.
You visited 1 branch of the dungeon, and saw 2 of its levels.

You collected 19 gold pieces.

Inventory:

Hand Weapons
 a - a +0 long sword (weapon)
Missiles
 d - 3 throwing nets (quivered)
Armour
 b - a +0 leather armour (worn)
 c - a +0 helmet (worn)
Scrolls
 e - 3 scrolls of identify {unknown}
 f - a scroll of immolation {unknown}
 h - a scroll of fear {unknown}
 j - a scroll of enchant armour {unknown}
Potions
 g - a potion of heal wounds {unknown}
 i - a potion of invisibility {unknown}


   Skills:
 + Level 2.6 Fighting
 + Level 3.1 Long Blades
 - Level 1.8 Throwing
 - Level 2.7 Dodging
 + Level 1.2 Stealth


You had 2 spell levels left.
You didn't know any spells.
Your spell library was empty.

Dungeon Overview and Level Annotations

Branches:
Dungeon (2/15)

Altars:


Innate Abilities, Weirdness & Mutations

You have a small tail.


Message History

You are too injured to fight recklessly!
You are too injured to fight recklessly!
You are too injured to fight recklessly!
You are too injured to fight recklessly!
You are too injured to fight recklessly!
You are too injured to fight recklessly!
You are too injured to fight recklessly!
You are too injured to fight recklessly!
You are too injured to fight recklessly!
You are too injured to fight recklessly!
You are too injured to fight recklessly!
You are too injured to fight recklessly!
You are too injured to fight recklessly!
You are too injured to fight recklessly!
You are too injured to fight recklessly!
You are too injured to fight recklessly!
You are too injured to fight recklessly!
You are too injured to fight recklessly!
You are too injured to fight recklessly!
You are too injured to fight recklessly!
You are too injured to fight recklessly!
You barely miss the orc. You tail-slap the orc.
The orc is heavily wounded.
The orc hits you from afar with a +0 trident.
* * * LOW HITPOINT WARNING * * *
The orc hits you but does no damage. The orc misses you.
You completely miss the orc.
Your tail-slap misses the orc.
The orc is heavily wounded.
The orc closely misses you. x2; The orc hits you but does no damage.
You barely miss the orc.
The orc is heavily wounded.
The orc barely misses you. The orc misses you.
You barely miss the orc.
You tail-slap the orc, but do no damage.
The orc is heavily wounded.
The orc hits you but does no damage. The orc closely misses you.
You barely miss the orc.
The orc is heavily wounded.
The orc hits you from afar with a +0 trident.
You die...

###
..#
#.# #
#.#
#.#.#
#.#.#
#oo)#
#@#
#<#
#.#
.>.
#####


You could see 2 orcs.

Vanquished Creatures
  2 dart slugs (D:1)
  2 orcs (D:2)
  An endoplasm (D:1)
  A giant cockroach (D:1)
  3 goblins (D:1)
  3 hobgoblins (D:1)
  2 quokkas (D:1)
  3 ball pythons (D:1)
  3 bats (D:1)
  2 frilled lizards (D:1)
  A kobold (D:1)
  A rat (D:1)
24 creatures vanquished.

Notes
Turn   | Place    | Note
-------+----------+-------------------------------------------
     0 | D:1      | hikkokomori the Demonspawn Gladiator began the quest for
                  | the Orb.
     0 | D:1      | Reached XP level 1. HP: 16/16 MP: 1/1
     7 | D:1      | Noticed a merfolk zombie
    15 | D:1      | Noticed a minotaur zombie
    17 | D:1      | Noticed a minotaur zombie
    28 | D:1      | Found a faded altar of an unknown god.
   117 | D:1      | Discovered your monstrous ancestry.
   117 | D:1      | Gained mutation: You have a small tail. [demonic ancestry]
   117 | D:1      | Reached XP level 2. HP: 12/22 MP: 2/2
   432 | D:1      | Reached skill level 3 in Long Blades
   888 | D:1      | Reached skill level 1 in Stealth
  1159 | D:1      | Reached XP level 3. HP: 27/27 MP: 3/3
  1256 | D:2      | Slain by an orc

Illustrated notes

Levels and vault maps discovered:
D:1:      shiori_arrival_whats_in_store_for_you, layout_loops_ring,
          ebering_ecumenical_altar_mist
D:2:      layout_basic, serial_shops, shop, basic_altar

Skill      XL: |  1  2 |
---------------+-------+-----
Long Blades    | 3 |  3.1
Stealth        | 1 |  1.2
Fighting       | |  2.6
Throwing       | |  1.8
Dodging        | |  2.7

Action                   || total
-------------------------++-------
Melee: Long sword        ||    68
       Tailslap          ||     7
 Stab: Sleeping          ||     4
Armor: Leather armour    ||    22
Dodge: Dodged            ||    46
